 Dungeon Crawl Stone Soup version 0.30-a0-165-g1891117ce2 (webtiles) character file.

Game seed: 10256626034015158843

2506 ragingrage the Zephyrmancer (level 9, -10/45 HPs)
             Began as a Tengu Air Elementalist on Sept 29, 2022.
             Was an Initiate of Vehumet.
             Killed from afar by Joseph (13 damage)
             ... with a bolt of dispelling energy
             ... on level 7 of the Dungeon.
             The game lasted 00:12:34 (8262 turns).

ragingrage the Zephyrmancer (TeAE)                  Turns: 8262, Time: 00:12:35

Health: -10/45     AC:  6    Str: 10    XL:     9   Next: 53%
Magic:  18/22      EV: 14    Int: 22    God:    Vehumet [......]
Gold:   361        SH:  5    Dex: 19    Spells: 3/12 levels left

rFire   + . .      SeeInvis .    E - +9 dagger of Precise Incision {vorpal, Dex+5 Stlth+}
rCold   + . .      Faith    .    (no shield)
rNeg    . . .      Spirit   .    B - +2 leather armour of Patwany {rC+ Int+3}
rPois   .          Reflect  +    (helmet restricted)
rElec   .          Harm     .    (no cloak)
rCorr   .          Rampage  .    q - +0 pair of gloves
Will    .....                    (boots unavailable)
Stlth   +++.......               s - amulet of reflection
HPRegen 0.15/turn                u - ring of magical power
MPRegen 0.18/turn                C - ring of protection from fire

@: flying quickly and evasively, studying Staves, quick
A: beak, talons 3, nimble flight
a: Renounce Religion


You were on level 7 of the Dungeon.
You worshipped Vehumet.
Vehumet was noncommittal.
You visited 2 branches of the dungeon, and saw 9 of its levels.

You collected 361 gold pieces.

Inventory:

Hand Weapons
 E - the +9 dagger of Precise Incision (weapon) {vorpal, Dex+5 Stlth+}
   (You found it on level 7 of the Dungeon)

   It inflicts extra damage upon your enemies.
   Dex:       It affects your dexterity (+5).
   Stlth:     It makes you more stealthy.
Missiles
 c - 8 poisoned darts
 w - 3 javelins
Armour
 q - a +0 pair of gloves (worn)
 B - the +2 leather armour of Patwany (worn) {rC+ Int+3}
   (You found it on level 5 of the Dungeon)

   Int:       It affects your intelligence (+3).
   rC:        It protects you from cold.
 G - a +3 ring mail of poison resistance
 I - a +1 robe of willpower
Jewellery
 s - an amulet of reflection (around neck)
 u - a ring of magical power (left hand)
 C - a ring of protection from fire (right hand)
Wands
 r - a wand of charming (5)
Scrolls
 e - 4 scrolls of immolation {unknown}
 h - a scroll of enchant weapon {unknown}
 i - 5 scrolls of identify {unknown}
 m - 2 scrolls of enchant armour {unknown}
 n - 2 scrolls of blinking {unknown}
 o - a scroll of amnesia {unknown}
 p - 3 scrolls of fear {unknown}
 v - a scroll of butterflies {unknown}
 x - a scroll of silence {unknown}
 y - 2 scrolls of torment {unknown}
 z - a scroll of noise {unknown}
 H - a scroll of vulnerability {unknown}
Potions
 b - a potion of magic
 d - a potion of might {unknown}
 f - a potion of berserk rage
 g - 3 potions of curing
 j - 2 potions of haste {unknown}
 k - 3 potions of attraction {unknown}
 l - 3 potions of heal wounds {unknown}
 t - 4 potions of degeneration {unknown}
 A - 3 potions of invisibility {unknown}
 D - 2 potions of lignification {unknown}
 F - a potion of cancellation {unknown}


   Skills:
 - Level 2.1 Dodging
 - Level 2.0 Stealth
 - Level 2.0 Spellcasting
 + Level 11.6 Conjurations
 + Level 12.2 Air Magic


You had 3 spell levels left.
You knew the following spells:

 Your Spells              Type           Power      Damage    Failure   Level
a - Shock                 Conj/Air       100%       1d9       1%          1
b - Static Discharge      Conj/Air       100%       2-7/arc   1%          2
c - Swiftness             Air            54%        N/A       1%          3
d - Mephitic Cloud        Conj/Pois/Air  37%        N/A       2%          3

Your spell library contained the following spells:

 Spells                   Type           Power      Damage    Failure   Level
 Magic Dart               Conj           100%       1d8       1%          1
 Call Imp                 Summ           2%         N/A       28%         2
 Gell's Gravitas          Tloc           2%         N/A       50%         3
 Lesser Beckoning         Tloc           2%         N/A       50%         3
 Ozocubu's Armour         Ice            2%         N/A       50%         3
 Teleport Other           Tloc           2%         N/A       50%         3
 Airstrike                Air            27%        2d(4-20)  1%          4
 Dispersal                Tloc           1%         N/A       100%        6
 Ozocubu's Refrigeration  Ice            1%         4d7       100%        7


Dungeon Overview and Level Annotations

Branches:
Dungeon (8/15)             Temple (1/1) D:6
   Lair: D:8-11

Altars:
Ashenzari
Cheibriados
Dithmenos
Elyvilon
Fedhas
Gozag
Hepliaklqana
Kikubaaqudgha
Makhleb
Nemelex Xobeh
Okawaru
Qazlal
Ru
Sif Muna
Trog
Uskayaw
Vehumet
Wu Jian
Xom
Yredelemnul
Zin
The Shining One

Shops:
D:5 (

Annotations:
D:2 exclusion: downstairs
D:3 3 runed translucent doors, Darkkill's ghost, amateur DsHu; MaxDestroyer007's ghost, amateur MiFi
D:4 1 runed translucent door, Crazy Yiuf
D:7 Joseph
D:8 exclusion: sky beast


Innate Abilities, Weirdness & Mutations

You have a beak for a mouth.
You have claws for feet.
Your magical nature lets you fly swiftly and evasively.


Message History

Unknown command.
Unknown command.
Casting: Shock (safe; 1% risk of failure)
Confirm with . or Enter, or press ? or * to list all spells.
Aiming: Shock (safe; 1% risk of failure)
Press: ? - help, Shift-Dir - straight line The zap hits Joseph!
Joseph is severely wounded.
The zap hits Joseph.
Joseph is severely wounded.
Joseph shoots a sling bullet.
The sling bullet hits you but does no damage.
Unknown command.
Casting: Shock (safe; 1% risk of failure)
Confirm with . or Enter, or press ? or * to list all spells.
Aiming: Shock (safe; 1% risk of failure)
Press: ? - help, Shift-Dir - straight line The zap hits Joseph.
Joseph is severely wounded.
The zap misses Joseph.
Joseph shoots a sling bullet.
The sling bullet misses you.
Unknown command.
Casting: Shock (safe; 1% risk of failure)
Confirm with . or Enter, or press ? or * to list all spells.
Aiming: Shock (safe; 1% risk of failure)
Press: ? - help, Shift-Dir - straight line The zap misses Joseph.
The zap hits Joseph.
Joseph is almost dead.
Joseph shoots a sling bullet.
The sling bullet hits you!
Unknown command.
Casting: Shock (safe; 1% risk of failure)
Confirm with . or Enter, or press ? or * to list all spells.
Aiming: Shock (safe; 1% risk of failure)
Press: ? - help, Shift-Dir - straight line The zap misses Joseph.
The zap hits Joseph.
Joseph is almost dead.
Joseph zaps a wand.
The bolt of dispelling energy hits you!
* * * LOW HITPOINT WARNING * * *
Joseph zaps a wand.
The bolt of dispelling energy hits you!
You die...

#.## #..# ##)##
#### #..#
##...## ##.##
##.....## #..#
#.......##
##.###........##
#..##.........#
##.##......@..##
#..##......[..#
##.##.......(.#
#..#.@..[...##
##.##.......##.
#..#.........#
#..#.......###
##..#....###
#......##


You could see Joseph.

Vanquished Creatures
  Edmund (D:6)
  3 water moccasins
  3 ice beasts
  A sky beast (D:6)
  An ogre (D:6)
  3 centaurs
  A lemure (D:7)
  A phantom (D:7)
  Blork the orc (D:6)
  2 bullfrogs
  6 scorpions
  4 wights (D:6)
  Dowan (D:7)
  2 hounds
  2 orc priests (D:6)
  A jelly (D:5)
  4 iguanas
  An orc wizard (D:6)
  4 adders
  2 white imps
  An ufetubus (D:2)
  16 orcs
  5 bats (D:1)
  6 endoplasms
  4 giant cockroaches
  6 goblins
  8 hobgoblins
  3 jackals (D:1)
  A quokka (D:3)
  6 ball pythons
  2 frilled lizards (D:1)
  4 kobolds
  6 rats
112 creatures vanquished.

Vanquished Creatures (collateral kills)
  Duvessa (D:7)
1 creature vanquished.

Vanquished Creatures (others)
  5 fungi (D:2)
  5 plants (D:2)
10 creatures vanquished.

Grand Total: 123 creatures vanquished

Notes
Turn   | Place    | Note
-------+----------+-------------------------------------------
     0 | D:1      | ragingrage the Tengu Air Elementalist began the quest for
                  | the Orb.
     0 | D:1      | Reached XP level 1. HP: 10/10 MP: 4/4
   165 | D:1      | Reached XP level 2. HP: 15/15 MP: 1/6
   572 | D:1      | Learned a level 2 spell: Static Discharge
   603 | D:1      | Reached XP level 3. HP: 19/19 MP: 1/7
   672 | D:1      | Learned a level 3 spell: Swiftness
  1132 | D:2      | Reached skill level 5 in Air Magic
  1619 | D:2      | Found a faded altar of an unknown god.
  2125 | D:3      | Noticed a scorpion
  2159 | D:3      | Reached XP level 4. HP: 24/24 MP: 2/8
  2334 | D:3      | Found a runed translucent gate.
  2335 | D:3      | Found a runed translucent gate.
  2336 | D:3      | Found a runed translucent gate.
  2336 | D:3      | Noticed MaxDestroyer007's ghost (amateur MiFi)
  2336 | D:3      | Noticed Darkkill's ghost (amateur DsHu)
  2910 | D:4      | Noticed a scorpion
  2930 | D:4      | Killed a scorpion
  2931 | D:4      | Reached skill level 6 in Air Magic
  2931 | D:4      | Gained mutation: Your magical nature lets you fly swiftly
                  | and evasively. [Tengu growth]
  2931 | D:4      | Reached XP level 5. HP: 28/28 MP: 9/9
  3436 | D:4      | Found a runed translucent door.
  3437 | D:4      | Noticed Crazy Yiuf
  3731 | D:3      | Reached skill level 5 in Conjurations
  4139 | D:5      | Entered Level 5 of the Dungeon
  4213 | D:5      | Reached XP level 6. HP: 28/32 MP: 10/10
  4264 | D:5      | Found a basalt altar of Yredelemnul.
  4266 | D:5      | Found a bloodstained altar of Trog.
  4288 | D:5      | Reached skill level 7 in Air Magic
  4298 | D:5      | Identified the +2 leather armour of Patwany {rC+ Int+3}
  4328 | D:5      | You are sucked into a shaft and drop 3 floors!
  4337 | D:8      | Noticed an ice beast
  4387 | D:8      | Noticed a sky beast
  4393 | D:8      | Learned a level 3 spell: Mephitic Cloud
  4455 | D:7      | Noticed a water moccasin
  4460 | D:7      | Killed a water moccasin
  4461 | D:7      | Reached XP level 7. HP: 26/36 MP: 11/11
  4848 | D:8      | Reached skill level 8 in Air Magic
  5106 | D:8      | Reached skill level 9 in Air Magic
  5106 | D:8      | Reached XP level 8. HP: 29/41 MP: 12/12
  5301 | D:8      | Noticed a hornet
  5455 | D:7      | Identified the +9 dagger of Precise Incision {vorpal, Dex+5
                  | Stlth+}
  5471 | D:7      | Noticed Joseph
  5478 | D:7      | Noticed Duvessa
  5783 | D:6      | Noticed Edmund
  5876 | D:6      | Killed Edmund
  6167 | D:6      | Reached skill level 10 in Air Magic
  6231 | D:6      | Reached skill level 10 in Conjurations
  6697 | D:5      | Reached XP level 9. HP: 42/45 MP: 13/13
  6763 | D:5      | Reached skill level 11 in Air Magic
  6923 | D:5      | Found Abbabbef's Weapon Shoppe.
  6943 | D:5      | Found a radiant altar of Vehumet.
  7223 | D:6      | Noticed Blork the orc
  7228 | D:6      | Killed Blork the orc
  7671 | D:6      | Found a staircase to the Ecumenical Temple.
  7698 | Temple   | Entered the Ecumenical Temple
  7878 | D:5      | Became a worshipper of Vehumet
  7989 | D:7      | Reached skill level 12 in Air Magic
  8099 | D:7      | Killed Duvessa
  8099 | D:7      | Noticed Dowan
  8103 | D:7      | Killed Dowan
  8262 | D:7      | Killed from afar by Joseph

Illustrated notes

Levels and vault maps discovered:
D:1:      psy_arrival_dodecagon, layout_rooms
D:2:      layout_loops_cross, shapermc_ecumenical_altar_mp_urbaneastern,
          kennysheep_minor_cross
D:3:      layout_rooms, gammafunk_ghost_cemetery
D:4:      layout_rooms, serial_curves, eino_curves_01, eino_curves_04,
          eino_curves_04, eino_curves_04, uniq_crazy_yiuf_cottage
D:5:      layout_rooms, chequers_temple_overflow_statue_of_worship,
          serial_shops, nicolae_shop_statue_plus, minivault_1,
          skrybe_limestone_x
D:6:      layout_basic, minmay_temple_entry_nine_rooms, uniq_edmund,
          uniq_blork_the_orc
D:7:      layout_cave_pods, uniq_joseph, uniq_duvessa, uniq_pikel
D:8:      layout_loops_ring, hangedman_incinerator
Temple:   compressed_dpeg_triangle_lava_temple

Skill      XL: |  1  2  3  4  5  6  7  8  9 |
---------------+----------------------------+-----
Conjurations   | 2 3 4 5 6 8 10 11 | 11.6
Air Magic      | 5 6 7 9 10 12 | 12.2
Dodging        | |  2.1
Stealth        | |  2.0
Spellcasting   | |  2.0

Action                   |  1- 3 |  4- 6 |  7- 9 || total
-------------------------+-------+-------+-------++-------
Melee: Unarmed           |     6 |       |       ||     6
       Dagger            |     7 |     1 |    11 ||    19
       Kick              |     4 |       |     2 ||     6
       Peck              |     2 |       |     4 ||     6
       Punch             |     1 |       |       ||     1
Throw: Dart              |       |       |     1 ||     1
 Cast: Shock             |    70 |    69 |   167 ||   306
       Static Discharge  |     2 |     6 |    34 ||    42
       Mephitic Cloud    |       |       |     2 ||     2
Evoke: Wand              |       |       |     4 ||     4
Armor: Robe              |     5 |     1 |       ||     6
       Leather armour    |       |     1 |     9 ||    10
Dodge: Dodged            |    18 |    10 |    29 ||    57
Block: Other             |       |     7 |    13 ||    20
       Reflection        |       |     1 |     2 ||     3

Table legend: (Time is in decaauts)
 A = Elapsed time spent in this place.
 B = Non-inter-level travel time spent in this place.
 C = Inter-level travel time spent in this place.
 D = Time resting spent in this place.
 E = Time spent auto-exploring this place.
 F = Levels seen in this place.
 G = Mean time per level.
                   A        B        C        D        E       F      G
               +--------+--------+--------+--------+--------+-----+--------+
         Total |   7973 |   7542 |    431 |   2152 |   4330 |   9 |  885.9 |
       Dungeon |   7860 |   7443 |    417 |   2152 |   4267 |   8 |  982.5 |
        Temple |    113 |     99 |     14 |      0 |     63 |   1 |  113.0 |
               +--------+--------+--------+--------+--------+-----+--------+

Top non-repeatable levels by time:
     D:6: 1781 daAuts
     D:2: 1176 daAuts
     D:4: 1032 daAuts
     D:1: 998 daAuts
     D:3: 835 daAuts
     D:5: 744 daAuts
     D:7: 658 daAuts
     D:8: 633 daAuts
  Temple: 113 daAuts
